PL
NORTHERN VIRGINIA RAINBOW MERMAIDS @ GREENVILLE 84S
08/31/2042
 
TOP OF THE 1ST
Northern Virginia Rainbow Mermaids batting - Pitching for Greenville 84s : RHP Glenn Suggett
Pitching: RHP Glenn Suggett
Batting: LHB Jeff Washington 0-0: Called Strike
0-1: Ball
1-1: Ground out 6-3 (Groundball, 6, EV 104.4 MPH)
Batting: LHB Tony Goodwin 0-0: Swinging Strike
0-1: Foul Ball, location: 2F
0-2: Ball
1-2: Ground out 6-3 (Groundball, 6, EV 81.2 MPH)
Batting: RHB Manuel Márquez 0-0: Ball
1-0: SINGLE (Flyball, 9S, EV 92.5 MPH)
Batting: LHB Javier Seco 0-0: Foul Ball, location: 2F
0-1: Ball
1-1: Ball
2-1: Swinging Strike
2-2: Strikes out looking
Top of the 1st over - 0 runs, 1 hit, 0 errors, 1 left on base; Northern Virginia 0 - Greenville 0
BOTTOM OF THE 1ST
Greenville 84s batting - Pitching for Northern Virginia Rainbow Mermaids : LHP Mario Quintero
Pitching: LHP Mario Quintero
Batting: LHB Craig Woods 0-0: Called Strike
0-1: Foul Ball, location: 2F
0-2: Strikes out swinging
Batting: RHB António Macías 0-0: Swinging Strike
0-1: Ball
1-1: Fly out, F8 (Flyball, 8RD, EV 102.5 MPH)
Batting: RHB Ángelo Delgado 0-0: Ball
1-0: Called Strike
1-1: Ball
2-1: Ball
3-1: Base on Balls
Batting: LHB Philip Visscher 0-0: Foul Ball, location: 2F
0-1: Ball
1-1: Ball
2-1: Ball
3-1: Swinging Strike
3-2: Foul Ball, location: 2F
3-2: Fly out, F7 (Flyball, 7S, EV 83.1 MPH)
Bottom of the 1st over - 0 runs, 0 hits, 0 errors, 1 left on base; Northern Virginia 0 - Greenville 0
TOP OF THE 2ND
Northern Virginia Rainbow Mermaids batting - Pitching for Greenville 84s : RHP Glenn Suggett
Batting: RHB Dao-zi Zhan 0-0: Called Strike
0-1: Called Strike
0-2: Foul Ball, location: 2F
0-2: Ball
1-2: Foul Ball, location: 2F
1-2: Foul Ball, location: 2F
1-2: Foul Ball, location: 2F
1-2: SINGLE (Groundball, 56D, EV 94.4 MPH)
Batting: LHB Bill Dixon 0-0: Called Strike
0-1: SINGLE (Groundball, 4D, EV 106.9 MPH)
Dao-zi Zhan to second
Runner from 2nd tries for 3rd, OUT! 9-5
Batting: RHB Lorenzo Varela 0-0: Ball
1-0: Ball
2-0: Ball
3-0: Called Strike
3-1: Foul Ball, location: 2F
3-2: Grounds into double play, 4-6-3 (Groundball, 4, EV 82.5 MPH)
Top of the 2nd over - 0 runs, 2 hits, 0 errors, 0 left on base; Northern Virginia 0 - Greenville 0
BOTTOM OF THE 2ND
Greenville 84s batting - Pitching for Northern Virginia Rainbow Mermaids : LHP Mario Quintero
Batting: RHB António Etxebarria 0-0: Fly out, F9 (Flyball, 9S, EV 96.2 MPH)
Batting: LHB Quincy Wass 0-0: Foul Ball, location: 2F
0-1: Ball
1-1: Foul Ball, location: 2F
1-2: Foul Ball, location: 2F
1-2: Strikes out swinging
Batting: RHB Marcos Luna 0-0: Ball
1-0: Ball
2-0: Called Strike
2-1: Ground out 6-3 (Groundball, 6, EV 82.5 MPH)
Bottom of the 2nd over - 0 runs, 0 hits, 0 errors, 0 left on base; Northern Virginia 0 - Greenville 0
TOP OF THE 3RD
Northern Virginia Rainbow Mermaids batting - Pitching for Greenville 84s : RHP Glenn Suggett
Batting: LHB Sherman Kline 0-0: Foul Ball, location: 2F
0-1: Ball
1-1: Called Strike
1-2: Strikes out swinging
Batting: RHB Woong Byeon 0-0: Ball
1-0: Foul Ball, location: 2F
1-1: Foul Ball, location: 2F
1-2: Ground out 5-3 (Groundball, 56S, EV 73.1 MPH)
Batting: LHB Jeff Washington 0-0: Called Strike
0-1: Ball
1-1: Called Strike
1-2: Ground out U3 (Groundball, 3L, EV 98.8 MPH)
Top of the 3rd over - 0 runs, 0 hits, 0 errors, 0 left on base; Northern Virginia 0 - Greenville 0
BOTTOM OF THE 3RD
Greenville 84s batting - Pitching for Northern Virginia Rainbow Mermaids : LHP Mario Quintero
Batting: LHB Lung Chaim 0-0: Foul Ball, location: 2F
0-1: Ball
1-1: Foul Ball, location: 2F
1-2: Ground out 4-3 (Groundball, 4, EV 101.2 MPH)
Batting: RHB Wally Briggs 0-0: Ground out 6-3 (Groundball, 56D, EV 100.0 MPH)
Batting: LHB Craig Woods 0-0: Swinging Strike
0-1: Foul Ball, location: 2F
0-2: Ball
1-2: Foul Ball, location: 2F
1-2: Strikes out swinging
Bottom of the 3rd over - 0 runs, 0 hits, 0 errors, 0 left on base; Northern Virginia 0 - Greenville 0
TOP OF THE 4TH
Northern Virginia Rainbow Mermaids batting - Pitching for Greenville 84s : RHP Glenn Suggett
Batting: LHB Tony Goodwin 0-0: Fly out, F7 (Flyball, 7D, EV 96.9 MPH)
Batting: RHB Manuel Márquez 0-0: Called Strike
0-1: SINGLE (Groundball, 56D, EV 95.0 MPH)
Batting: LHB Javier Seco 0-0: Swinging Strike
0-1: Swinging Strike
0-2: Ball
1-2: Fly out, F2 (Popup, 25F, EV 79.4 MPH)
Batting: RHB Dao-zi Zhan 0-0: Swinging Strike
0-1: Ball
1-1: Swinging Strike
1-2: Strikes out swinging
Top of the 4th over - 0 runs, 1 hit, 0 errors, 1 left on base; Northern Virginia 0 - Greenville 0
BOTTOM OF THE 4TH
Greenville 84s batting - Pitching for Northern Virginia Rainbow Mermaids : LHP Mario Quintero
Batting: RHB António Macías 0-0: Foul Ball, location: 2F
0-1: Foul Ball, location: 2F
0-2: DOUBLE (Line Drive, 78D, EV 110.0 MPH)
Batting: RHB Ángelo Delgado 0-0: Called Strike
0-1: Called Strike
0-2: Foul Ball, location: 2F
0-2: Fly out, F4 (Flyball, 34D, EV 88.8 MPH)
Batting: LHB Philip Visscher 0-0: Ball
1-0: Ball
2-0: Ball
3-0: Swinging Strike
3-1: Foul Ball, location: 2F
3-2: Base on Balls
Batting: RHB António Etxebarria 0-0: Ground out 6-3 (Groundball, 6, EV 86.2 MPH)
António Macías to third
Philip Visscher to second
Batting: LHB Quincy Wass 0-0: Foul Ball, location: 2F
0-1: Ball
1-1: Fly out, F6 (Popup, 6, EV 68.1 MPH)
Bottom of the 4th over - 0 runs, 1 hit, 0 errors, 2 left on base; Northern Virginia 0 - Greenville 0
TOP OF THE 5TH
Northern Virginia Rainbow Mermaids batting - Pitching for Greenville 84s : RHP Glenn Suggett
Batting: LHB Bill Dixon 0-0: Ball
1-0: Ground out U3 (Groundball, 3L, EV 100.0 MPH)
Batting: RHB Lorenzo Varela 0-0: Ball
1-0: Ball
2-0: Called Strike
2-1: SINGLE (Groundball, 34D, EV 98.1 MPH)
Batting: LHB Sherman Kline 0-0: Foul Ball, location: 2F
0-1: Ball
1-1: Ball
2-1: Ball
3-1: Foul Ball, location: 2F
3-2: Strikes out swinging
Batting: RHB Woong Byeon 0-0: Ball
1-0: Ball
2-0: Ball
3-0: Called Strike
3-1: Base on Balls
Lorenzo Varela to second
Batting: LHB Jeff Washington 0-0: Called Strike
0-1: Ball
1-1: Called Strike
1-2: Strikes out looking
Top of the 5th over - 0 runs, 1 hit, 0 errors, 2 left on base; Northern Virginia 0 - Greenville 0
BOTTOM OF THE 5TH
Greenville 84s batting - Pitching for Northern Virginia Rainbow Mermaids : LHP Mario Quintero
Batting: RHB Marcos Luna 0-0: Called Strike
0-1: Ball
1-1: Ball
2-1: Fly out, F7 (Flyball, 7, EV 85.0 MPH)
Batting: LHB Lung Chaim 0-0: Foul Ball, location: 2F
0-1: SINGLE (Line Drive, 8RS, EV 113.1 MPH)
Batting: RHB Wally Briggs 0-0: Ball
1-0: Fly out, F3 (Line Drive, 3, EV 69.4 MPH)
Batting: LHB Craig Woods 0-0: Called Strike
0-1: Called Strike
0-2: Strikes out swinging
Bottom of the 5th over - 0 runs, 1 hit, 0 errors, 1 left on base; Northern Virginia 0 - Greenville 0
TOP OF THE 6TH
Northern Virginia Rainbow Mermaids batting - Pitching for Greenville 84s : RHP Glenn Suggett
Batting: LHB Tony Goodwin 0-0: Foul Ball, location: 2F
0-1: Called Strike
0-2: Ball
1-2: Ball
2-2: DOUBLE (Line Drive, 7LD, EV 103.1 MPH)
Batting: RHB Manuel Márquez 0-0: Called Strike
0-1: Ball
1-1: Ground out 5-3 (Groundball, 56, EV 104.4 MPH)
Batting: LHB Javier Seco 0-0: Ball
1-0: Ball
2-0: Called Strike
2-1: Swinging Strike
2-2: Foul Ball, location: 2F
2-2: Fly out, F7 (Line Drive, 7, EV 101.9 MPH)
Batting: RHB Dao-zi Zhan 0-0: Ball
1-0: Ball
2-0: Foul Ball, location: 2F
2-1: Foul Ball, location: 2F
2-2: Ground out 6-3 (Groundball, 56D, EV 94.4 MPH)
Top of the 6th over - 0 runs, 1 hit, 0 errors, 1 left on base; Northern Virginia 0 - Greenville 0
BOTTOM OF THE 6TH
Greenville 84s batting - Pitching for Northern Virginia Rainbow Mermaids : LHP Mario Quintero
Batting: RHB António Macías 0-0: Ball
1-0: Foul Ball, location: 2F
1-1: Ball
2-1: Called Strike
2-2: Foul Ball, location: 2F
2-2: Fly out, F8 (Flyball, 8LD, EV 96.2 MPH)
Batting: RHB Ángelo Delgado 0-0: Called Strike
0-1: Swinging Strike
0-2: Ball
1-2: Ball
2-2: Strikes out swinging
Batting: LHB Philip Visscher 0-0: Called Strike
0-1: Swinging Strike
0-2: SINGLE (Flyball, 9S, EV 93.1 MPH)
Batting: RHB António Etxebarria 0-0: Ball
1-0: Ball
2-0: Foul Ball, location: 2F
2-1: Foul Ball, location: 2F
2-2: Strikes out swinging
Bottom of the 6th over - 0 runs, 1 hit, 0 errors, 1 left on base; Northern Virginia 0 - Greenville 0
TOP OF THE 7TH
Northern Virginia Rainbow Mermaids batting - Pitching for Greenville 84s : RHP Glenn Suggett
Pitching: RHP Dave Lawson
Batting: LHB Bill Dixon 0-0: Ball
1-0: Fly out, F7 (Flyball, 78S, EV 90.6 MPH)
Batting: RHB Lorenzo Varela 0-0: Ball
1-0: Swinging Strike
1-1: Foul Ball, location: 2F
1-2: Foul Ball, location: 2F
1-2: Foul Ball, location: 2F
1-2: Ball
2-2: Ball
3-2: Foul Ball, location: 2F
3-2: Fly out, F8 (Flyball, 8LXD, EV 85.0 MPH)
Batting: LHB Sherman Kline 0-0: Ball
1-0: Ball
2-0: Foul Ball, location: 2F
2-1: Ball
3-1: Fly out, F9 (Flyball, 9LS, EV 90.6 MPH)
Top of the 7th over - 0 runs, 0 hits, 0 errors, 0 left on base; Northern Virginia 0 - Greenville 0
BOTTOM OF THE 7TH
Greenville 84s batting - Pitching for Northern Virginia Rainbow Mermaids : LHP Mario Quintero
Batting: LHB Quincy Wass 0-0: Called Strike
0-1: Fly out, F7 (Flyball, 7LD, EV 96.9 MPH)
Batting: RHB Marcos Luna 0-0: Foul Ball, location: 2F
0-1: Ball
1-1: Foul Ball, location: 2F
1-2: SINGLE (Groundball, 6MD, EV 101.9 MPH)
Batting: LHB Lung Chaim 0-0: Ball
1-0: Called Strike
Marcos Luna steals 2nd, throwing error, E2
Marcos Luna to third
1-1: SINGLE (Groundball, 4MD, EV 99.4 MPH)
Marcos Luna scores
Batting: RHB Wally Briggs 0-0: Called Strike
0-1: SINGLE (Groundball, 6MD, EV 104.4 MPH)
Lung Chaim to second
Runner from 2nd tries for 3rd, SAFE, throw by CF made to third
Batting: LHB Craig Woods 0-0: Ball
1-0: Ball
2-0: Ball
3-0: Called Strike
3-1: Called Strike
3-2: Foul Ball, location: 2F
3-2: Ground out 4-3 (Groundball, 4, EV 90.0 MPH)
Lung Chaim scores
Wally Briggs to second
Batting: RHB António Macías 0-0: Called Strike
0-1: Foul Ball, location: 2F
0-2: Ball
1-2: Strikes out swinging
Bottom of the 7th over - 2 runs, 3 hits, 1 error, 1 left on base; Northern Virginia 0 - Greenville 2
TOP OF THE 8TH
Northern Virginia Rainbow Mermaids batting - Pitching for Greenville 84s : RHP Dave Lawson
Batting: RHB Woong Byeon 0-0: Called Strike
0-1: Fly out, F3 (Popup, 34, EV 52.5 MPH)
Batting: LHB Jeff Washington 0-0: Ball
1-0: Ball
2-0: Ball
3-0: Base on Balls
Pitching: RHP Job Janssen
Batting: LHB Tony Goodwin 0-0: DOUBLE (Flyball, 7LD, EV 103.1 MPH)
Jeff Washington to third
Runner from 3rd tries for Home, SAFE, throw by LF to trailing runner, SAFE at third!
Batting: RHB Manuel Márquez 0-0: Foul Ball, location: 2F
0-1: Foul Ball, location: 2F
0-2: Strikes out swinging
Batting: LHB Javier Seco 0-0: Called Strike
0-1: Foul Ball, location: 2F
0-2: Ball
1-2: Ball
2-2: Ball
3-2: Base on Balls
Batting: RHB Dao-zi Zhan 0-0: Ball
1-0: Called Strike
1-1: Foul Ball, location: 2F
1-2: Ball
2-2: Ball
3-2: Foul Ball, location: 2F
3-2: Ground out 5-3 (Groundball, 56, EV 89.4 MPH)
Top of the 8th over - 1 run, 1 hit, 0 errors, 2 left on base; Northern Virginia 1 - Greenville 2
BOTTOM OF THE 8TH
Greenville 84s batting - Pitching for Northern Virginia Rainbow Mermaids : LHP Mario Quintero
Batting: RHB Ángelo Delgado 0-0: Fly out, F9 (Flyball, 9LS, EV 95.0 MPH)
Pitching: RHP Kent Randall
Batting: LHB Philip Visscher 0-0: Ball
1-0: Ground out 1-3 (Groundball, 13S, EV 73.8 MPH)
Batting: RHB António Etxebarria 0-0: Ball
1-0: Called Strike
1-1: Ball
2-1: Called Strike
2-2: Ground out 6-3 (Groundball, 6MD, EV 103.8 MPH)
Bottom of the 8th over - 0 runs, 0 hits, 0 errors, 0 left on base; Northern Virginia 1 - Greenville 2
TOP OF THE 9TH
Northern Virginia Rainbow Mermaids batting - Pitching for Greenville 84s : RHP Job Janssen
Pinch Hitting: RHB Nate Edwards 0-0: Ball
1-0: Foul Ball, location: 2F
1-1: Foul Ball, location: 2F
1-2: Strikes out swinging
Batting: RHB Lorenzo Varela 0-0: Called Strike
0-1: Ball
1-1: Foul Ball, location: 2F
1-2: Ball
2-2: Strikes out swinging
Batting: LHB Sherman Kline 0-0: SINGLE (Groundball, 34D, EV 106.9 MPH)
Batting: RHB Woong Byeon 0-0: Ball
1-0: Ball
2-0: Hit by Pitch
Sherman Kline to second
Batting: LHB Jeff Washington 0-0: Called Strike
0-1: Ground out 1-3 (Groundball, 34S, EV 83.1 MPH)
Top of the 9th over - 0 runs, 1 hit, 0 errors, 2 left on base; Northern Virginia 1 - Greenville 2
Friday, March 26th, 2021 - OOTP Baseball 20.8 Build 74